General information
- name: BNet
- type: Ladder team game (AT/RT)
- host: Battle.net
- saver: LEONARDO-DICAPR
map: Deathknell
- players: 8
- length: 49:35
- speed: Fast
- version: 1.26 W3XP
- replay type: Public
» download(332 KB)
Players
team 1 (loser)

»
Pqi (
pink | 82 APM | 4028 actions | 49:05)
9 Archmage
3 Summon Water Elemental
3 Brilliance Aura
1 Mass Teleport
2 Blizzard
5 Blood Mage
3 Flame Strike
2 Siphon Mana
7 Dark Ranger
3 Black Arrow
3 Silence
1 Charm
» actions
| Assign group hotkey | 112 | |
| Basic commands | 79 | |
| Build / train | 137 | |
| Enter build submenu | 66 | |
| Enter hero's abilities submenu | 21 | |
| Give item / drop item | 3 | |
| Remove unit from queue | 2 | |
| Right click | 1156 | |
| Select / deselect | 899 | |
| Select group hotkey | 1291 | |
| Use ability | 262 | |
4028 total
» units
| Peasant | 11 | |
| Footman | 11 | |
| Goblin Shredder | 3 | |
| Goblin Zeppelin | 1 | |
| Gryphon Rider | 6 | |
| Dragonhawk Rider | 1 | |
| Goblin Sapper | 4 | |
| Spell Breaker | 4 | |
| Rifleman | 6 | |
47 total
» upgrades
| Defend | 1 | |
| Masonry | 3 | |
| Lumber Harvesting | 1 | |
| Swords | 2 | |
| Animal War Training | 1 | |
| Storm Hammers | 1 | |
| Cloud | 1 | |
| Armor | 3 | |
| Long Rifles | 1 | |
| Plating | 2 | |
| Control Magic | 1 | |
| Magic Sentry | 1 | |
| Gunpowder | 1 | |
19 total
» buildings
| Farm | 14 | |
| Altar of Kings | 2 | |
| Barracks | 5 | |
| Scout Tower | 18 | |
| Arcane Tower | 2 | |
| Town Hall | 5 | |
| Arcane Vault | 3 | |
| Keep | 1 | |
| Lumber Mill | 2 | |
| Blacksmith | 2 | |
| Guard Tower | 15 | |
| Castle | 1 | |
| Gryphon Aviary | 3 | |
| Arcane Sanctum | 2 | |
75 total
» build order
00:06 Farm
00:09 Altar of Kings
00:13 Barracks
00:17 Barracks
01:14 Farm
01:23 Scout Tower
01:53 Arcane Tower
02:01 Farm
03:22 Barracks
03:29 Town Hall
03:32 Town Hall
03:46 Arcane Vault
04:43 Farm
05:06 Keep
05:09 Lumber Mill
05:13 Lumber Mill
06:00 Farm
06:40 Scout Tower
06:54 Blacksmith
07:11 Farm
07:19 Guard Tower
07:20 Scout Tower
07:29 Arcane Vault
07:43 Castle
08:16 Guard Tower
08:18 Gryphon Aviary
08:43 Gryphon Aviary
08:54 Gryphon Aviary
09:14 Farm
09:15 Farm
09:22 Farm
10:03 Scout Tower
10:33 Guard Tower
10:34 Scout Tower
11:02 Guard Tower
11:26 Scout Tower
12:01 Guard Tower
12:03 Scout Tower
13:01 Guard Tower
14:41 Farm
14:42 Farm
15:56 Barracks
18:05 Arcane Sanctum
18:07 Arcane Sanctum
18:47 Scout Tower
18:48 Scout Tower
18:48 Scout Tower
19:32 Guard Tower
19:34 Scout Tower
19:35 Scout Tower
19:38 Farm
19:45 Guard Tower
19:47 Scout Tower
20:19 Guard Tower
20:21 Guard Tower
20:24 Scout Tower
20:26 Scout Tower
20:27 Scout Tower
20:52 Guard Tower
20:57 Guard Tower
20:59 Farm
21:05 Guard Tower
21:05 Guard Tower
21:07 Guard Tower
24:22 Town Hall
24:25 Town Hall
36:40 Altar of Kings
42:31 Town Hall
45:27 Barracks
45:30 Blacksmith
47:07 Arcane Vault
47:14 Farm
47:16 Scout Tower
47:43 Scout Tower
47:45 Arcane Tower
» items
| Scroll of Regeneration | 8 | |
| Lesser Clarity Potion | 10 | |
| Scroll of Town Portal | 5 | |
| Potion of Healing | 1 | |
| Potion of Mana | 1 | |
| Staff of Sanctuary | 1 | |
26 total
Jams (
green | 31 APM | 1523 actions | 49:35)
6 Mountain King
3 Storm Bolt
2 Bash
1 Avatar
» actions
| Assign group hotkey | 14 | |
| Basic commands | 125 | |
| Build / train | 75 | |
| Enter build submenu | 30 | |
| Enter hero's abilities submenu | 6 | |
| Remove unit from queue | 2 | |
| Right click | 492 | |
| Select / deselect | 311 | |
| Select group hotkey | 385 | |
| Use ability | 83 | |
1523 total
» units
| Peasant | 28 | |
| Footman | 11 | |
| Dragonhawk Rider | 10 | |
| Gnoll Overseer | 1 | |
50 total
» upgrades
» buildings
| Farm | 8 | |
| Altar of Kings | 1 | |
| Barracks | 1 | |
| Scout Tower | 16 | |
| Arcane Tower | 1 | |
| Town Hall | 3 | |
| Keep | 1 | |
| Lumber Mill | 3 | |
| Guard Tower | 2 | |
| Arcane Sanctum | 4 | |
| Arcane Vault | 1 | |
| Gryphon Aviary | 4 | |
| Castle | 1 | |
| Blacksmith | 1 | |
47 total
» build order
00:06 Farm
00:09 Altar of Kings
00:31 Barracks
00:47 Farm
02:25 Farm
02:29 Scout Tower
03:00 Arcane Tower
03:05 Farm
03:44 Town Hall
05:25 Town Hall
05:28 Scout Tower
05:29 Scout Tower
05:30 Scout Tower
05:32 Scout Tower
05:56 Keep
06:01 Lumber Mill
06:11 Lumber Mill
07:42 Guard Tower
08:54 Arcane Sanctum
08:55 Arcane Sanctum
08:56 Arcane Sanctum
08:58 Arcane Sanctum
09:11 Arcane Vault
09:19 Farm
09:40 Gryphon Aviary
09:41 Gryphon Aviary
09:41 Gryphon Aviary
09:42 Gryphon Aviary
10:34 Farm
11:23 Scout Tower
11:23 Scout Tower
11:23 Scout Tower
11:30 Castle
11:38 Farm
12:24 Scout Tower
12:24 Scout Tower
12:25 Scout Tower
12:42 Blacksmith
14:04 Guard Tower
14:40 Farm
16:17 Town Hall
20:42 Scout Tower
20:44 Scout Tower
20:48 Scout Tower
20:49 Scout Tower
20:50 Scout Tower
21:27 Lumber Mill
» items
| Scroll of Regeneration | 2 | |
| Lesser Clarity Potion | 2 | |
| Potion of Healing | 3 | |
| Orb of Fire | 1 | |
8 total
blaise_g (
purple | 28 APM | 1374 actions | 49:35)
5 Warden
3 Fan of Knives
1 Shadow Strike
1 Blink
2 Priestess of the Moon
1 Scout
1 Trueshot Aura
1 Beastmaster
1 Summon Bear
» actions
| Build / train | 78 | |
| Enter build submenu | 23 | |
| Enter hero's abilities submenu | 7 | |
| Give item / drop item | 2 | |
| Remove unit from queue | 1 | |
| Right click | 777 | |
| Select / deselect | 400 | |
| Use ability | 85 | |
1374 total
» units
| Wisp | 34 | |
| Archer | 3 | |
| Huntress | 5 | |
| Dryad | 8 | |
| Ice Troll Berserker | 1 | |
| Ice Troll Trapper | 1 | |
| Druid of the Claw | 7 | |
59 total
» upgrades
| Druid of the Claw Training | 2 | |
| Abolish Magic | 1 | |
3 total
» buildings
| Altar of Elders | 2 | |
| Moon Well | 6 | |
| Ancient of War | 1 | |
| Hunter's Hall | 1 | |
| Tree of Ages | 1 | |
| Ancient of Lore | 2 | |
| Tree of Eternity | 1 | |
| Ancient of Wonders | 1 | |
| Tree of Life | 2 | |
| Ancient Protector | 4 | |
21 total
» build order
00:08 Altar of Elders
00:25 Moon Well
00:59 Ancient of War
01:44 Moon Well
02:28 Hunter's Hall
03:20 Moon Well
04:02 Tree of Ages
04:59 Moon Well
06:41 Ancient of Lore
06:45 Ancient of Lore
06:46 Tree of Eternity
06:53 Ancient of Wonders
07:00 Moon Well
08:35 Moon Well
09:14 Tree of Life
33:06 Tree of Life
38:29 Altar of Elders
40:02 Ancient Protector
40:06 Ancient Protector
40:29 Ancient Protector
40:32 Ancient Protector
» items

»
LEONARDO-DICAPR (
orange | 67 APM | 3316 actions | 49:35)
7 Priestess of the Moon
3 Scout
3 Trueshot Aura
1 Starfall
» actions
| Assign group hotkey | 47 | |
| Basic commands | 11 | |
| Build / train | 64 | |
| Enter build submenu | 22 | |
| Enter hero's abilities submenu | 7 | |
| Give item / drop item | 1 | |
| Remove unit from queue | 1 | |
| Right click | 1486 | |
| Select / deselect | 373 | |
| Select group hotkey | 1216 | |
| Use ability | 88 | |
3316 total
» units
| Wisp | 17 | |
| Chimaera | 7 | |
| Hippogryph | 16 | |
40 total
» upgrades
| Strength of the Wild | 3 | |
| Corrosive Breath | 1 | |
| Well Spring | 1 | |
5 total
» buildings
| Moon Well | 7 | |
| Altar of Elders | 1 | |
| Tree of Ages | 2 | |
| Hunter's Hall | 1 | |
| Ancient Protector | 4 | |
| Ancient of Wind | 4 | |
| Tree of Eternity | 1 | |
| Chimaera Roost | 3 | |
| Ancient of Wonders | 2 | |
| Tree of Life | 1 | |
26 total
» build order
00:23 Moon Well
00:34 Altar of Elders
02:07 Moon Well
02:14 Tree of Ages
02:29 Moon Well
02:54 Hunter's Hall
03:35 Moon Well
03:58 Ancient Protector
04:40 Ancient Protector
04:47 Ancient Protector
04:52 Ancient Protector
05:46 Ancient of Wind
06:07 Tree of Eternity
08:31 Chimaera Roost
08:33 Chimaera Roost
08:42 Chimaera Roost
10:17 Moon Well
10:26 Moon Well
12:23 Moon Well
15:35 Ancient of Wonders
23:07 Tree of Life
29:25 Tree of Ages
29:48 Ancient of Wind
29:49 Ancient of Wind
29:50 Ancient of Wind
35:02 Ancient of Wonders
» items
| Scroll of Town Portal | 6 | |
| Staff of Preservation | 1 | |
7 total
team 2 (winner)

»
krause08 (
red | 70 APM | 1952 actions | 27:43)
6 Archmage
1 Summon Water Elemental
1 Blizzard
3 Brilliance Aura
1 Mass Teleport
» actions
| Assign group hotkey | 29 | |
| Basic commands | 167 | |
| Build / train | 71 | |
| ESC pressed | 1 | |
| Enter build submenu | 32 | |
| Enter hero's abilities submenu | 6 | |
| Give item / drop item | 1 | |
| Right click | 571 | |
| Select / deselect | 461 | |
| Select group hotkey | 510 | |
| Use ability | 103 | |
1952 total
» units
| Peasant | 20 | |
| Sorceress | 11 | |
| Spell Breaker | 9 | |
40 total
» upgrades
| Swords | 3 | |
| Lumber Harvesting | 2 | |
| Masonry | 3 | |
| Sorceress Training | 2 | |
| Plating | 3 | |
| Control Magic | 1 | |
14 total
» buildings
| Altar of Kings | 1 | |
| Farm | 11 | |
| Lumber Mill | 1 | |
| Arcane Vault | 1 | |
| Town Hall | 2 | |
| Keep | 1 | |
| Blacksmith | 1 | |
| Scout Tower | 12 | |
| Guard Tower | 3 | |
| Arcane Tower | 1 | |
| Arcane Sanctum | 4 | |
| Castle | 1 | |
39 total
» build order
00:23 Altar of Kings
00:36 Farm
01:16 Farm
01:41 Farm
01:46 Farm
01:49 Farm
01:52 Farm
01:53 Farm
02:01 Lumber Mill
02:18 Arcane Vault
04:04 Town Hall
04:20 Keep
04:40 Blacksmith
05:10 Scout Tower
05:13 Scout Tower
05:14 Scout Tower
05:21 Scout Tower
05:24 Scout Tower
05:43 Guard Tower
05:44 Arcane Tower
06:23 Guard Tower
06:45 Arcane Sanctum
06:46 Arcane Sanctum
06:48 Arcane Sanctum
07:08 Arcane Sanctum
08:12 Castle
08:46 Farm
09:35 Farm
09:37 Farm
09:39 Farm
17:29 Town Hall
21:20 Scout Tower
21:21 Scout Tower
21:21 Scout Tower
22:47 Guard Tower
22:49 Scout Tower
26:25 Scout Tower
26:26 Scout Tower
26:27 Scout Tower
» items
| Scroll of Regeneration | 1 | |
| Scroll of Town Portal | 2 | |
| Orb of Lightning | 1 | |
4 total

»
EvilTroyAndAbed (
yellow | 104 APM | 5172 actions | 49:35)
9 Keeper of the Grove
3 Entangling Roots
3 Thorns Aura
1 Tranquility
2 Force of Nature
» actions
| Assign group hotkey | 26 | |
| Basic commands | 136 | |
| Build / train | 123 | |
| ESC pressed | 2 | |
| Enter build submenu | 47 | |
| Enter hero's abilities submenu | 9 | |
| Right click | 1544 | |
| Select / deselect | 694 | |
| Select group hotkey | 2481 | |
| Use ability | 110 | |
5172 total
» units
| Wisp | 54 | |
| Huntress | 5 | |
| Dryad | 16 | |
| Archer | 5 | |
| Hippogryph | 8 | |
| Faerie Dragon | 5 | |
| Mountain Giant | 1 | |
94 total
» upgrades
| Reinforced Hides | 2 | |
| Strength of the Wild | 2 | |
| Sentinel | 1 | |
| Abolish Magic | 1 | |
| Ultravision | 1 | |
| Strength of the Moon | 1 | |
| Moon Armor | 1 | |
| Hippogryph Taming | 1 | |
10 total
» buildings
| Altar of Elders | 1 | |
| Moon Well | 13 | |
| Hunter's Hall | 2 | |
| Ancient of War | 3 | |
| Ancient Protector | 6 | |
| Tree of Ages | 4 | |
| Ancient of Lore | 3 | |
| Tree of Eternity | 1 | |
| Tree of Life | 7 | |
| Ancient of Wind | 3 | |
| Ancient of Wonders | 1 | |
44 total
» build order
00:04 Altar of Elders
00:25 Moon Well
01:17 Hunter's Hall
01:36 Moon Well
02:04 Ancient of War
02:27 Ancient Protector
03:24 Tree of Ages
05:02 Moon Well
06:07 Ancient of Lore
06:16 Ancient of Lore
06:55 Ancient Protector
09:22 Moon Well
09:51 Moon Well
10:56 Ancient Protector
12:13 Tree of Eternity
13:12 Moon Well
13:57 Tree of Life
15:25 Tree of Life
15:39 Tree of Life
20:03 Tree of Life
20:19 Tree of Ages
21:17 Moon Well
23:04 Tree of Life
28:08 Tree of Ages
28:11 Tree of Life
29:33 Ancient of War
30:34 Ancient of Wind
30:59 Ancient of Wind
31:26 Ancient of Wind
33:29 Moon Well
34:21 Hunter's Hall
34:53 Ancient Protector
34:56 Ancient Protector
36:26 Tree of Ages
36:34 Ancient of War
36:57 Ancient of Wonders
37:11 Ancient Protector
37:35 Moon Well
39:06 Ancient of Lore
41:45 Moon Well
44:33 Tree of Life
45:12 Moon Well
46:19 Moon Well
47:50 Moon Well
» items
| Scroll of Town Portal | 2 | |
| Potion of Healing | 1 | |
| Healing Salve | 1 | |
4 total
MrBaByZz (
blue | 67 APM | 3329 actions | 49:35)
8 Blademaster
3 Mirror Image
3 Critical Strike
1 Bladestorm
1 Wind Walk
6 Shadow Hunter
3 Healing Wave
2 Hex
1 Big Bad Voodoo
3 Archmage
1 Mass Teleport
2 Summon Water Elemental
» actions
| Assign group hotkey | 57 | |
| Basic commands | 221 | |
| Build / train | 136 | |
| ESC pressed | 7 | |
| Enter build submenu | 39 | |
| Enter hero's abilities submenu | 17 | |
| Give item / drop item | 2 | |
| Remove unit from queue | 3 | |
| Right click | 1155 | |
| Select / deselect | 824 | |
| Select group hotkey | 608 | |
| Use ability | 260 | |
3329 total
» units
| Peon | 17 | |
| Grunt | 4 | |
| Shaman | 31 | |
| Tauren | 7 | |
| Troll Batrider | 19 | |
78 total
» upgrades
| Shaman Training | 2 | |
| Melee Weapons | 2 | |
| Berserker Strength | 1 | |
| Pulverize | 1 | |
6 total
» buildings
| Altar of Storms | 1 | |
| Orc Burrow | 13 | |
| Barracks | 1 | |
| Voodoo Lounge | 2 | |
| Stronghold | 1 | |
| Great Hall | 4 | |
| War Mill | 1 | |
| Fortress | 1 | |
| Spirit Lodge | 1 | |
| Tauren Totem | 2 | |
| Watch Tower | 1 | |
| Beastiary | 4 | |
| Altar of Kings | 2 | |
| Farm | 2 | |
36 total
» build order
00:06 Altar of Storms
00:14 Orc Burrow
00:53 Barracks
01:32 Orc Burrow
01:57 Voodoo Lounge
03:26 Stronghold
04:27 Orc Burrow
05:27 Great Hall
05:32 Orc Burrow
05:53 War Mill
07:01 Fortress
07:52 Spirit Lodge
09:26 Tauren Totem
09:27 Tauren Totem
10:06 Watch Tower
10:36 Orc Burrow
11:29 Orc Burrow
13:01 Voodoo Lounge
16:06 Beastiary
16:07 Beastiary
16:09 Orc Burrow
16:10 Orc Burrow
16:16 Beastiary
16:47 Orc Burrow
16:53 Beastiary
17:05 Orc Burrow
18:08 Great Hall
19:55 Great Hall
20:49 Orc Burrow
20:53 Orc Burrow
20:55 Orc Burrow
30:07 Altar of Kings
30:07 Farm
30:08 Farm
30:55 Altar of Kings
42:17 Great Hall
» items
| Healing Salve | 11 | |
| Lesser Clarity Potion | 10 | |
| Scroll of Town Portal | 1 | |
| Orb of Lightning | 1 | |
| Scroll of Speed | 2 | |
| Potion of Healing | 1 | |
26 total
grossesalope1 (
teal | 19 APM | 945 actions | 49:35)
5 Archmage
3 Summon Water Elemental
2 Blizzard
» actions
| Build / train | 87 | |
| Enter build submenu | 39 | |
| Enter hero's abilities submenu | 5 | |
| Right click | 463 | |
| Select / deselect | 271 | |
| Use ability | 80 | |
945 total
» units
| Peasant | 48 | |
| Dragonhawk Rider | 17 | |
65 total
» buildings
| Altar of Kings | 2 | |
| Farm | 10 | |
| Scout Tower | 12 | |
| Lumber Mill | 2 | |
| Arcane Vault | 2 | |
| Arcane Tower | 1 | |
| Keep | 3 | |
| Town Hall | 2 | |
| Guard Tower | 10 | |
| Castle | 2 | |
| Gryphon Aviary | 2 | |
48 total
» build order
00:18 Altar of Kings
00:23 Farm
01:01 Farm
01:24 Scout Tower
01:32 Lumber Mill
01:39 Arcane Vault
01:54 Arcane Tower
03:11 Keep
03:46 Town Hall
04:14 Scout Tower
04:44 Scout Tower
04:45 Guard Tower
05:28 Guard Tower
05:30 Keep
05:39 Scout Tower
06:27 Scout Tower
07:08 Guard Tower
07:12 Scout Tower
07:52 Guard Tower
09:25 Scout Tower
09:58 Guard Tower
09:59 Scout Tower
10:28 Scout Tower
10:29 Guard Tower
11:04 Scout Tower
11:05 Guard Tower
11:27 Castle
12:21 Guard Tower
13:29 Scout Tower
14:00 Scout Tower
14:01 Guard Tower
14:13 Gryphon Aviary
15:06 Guard Tower
15:09 Farm
15:54 Farm
16:52 Farm
16:59 Lumber Mill
17:30 Altar of Kings
18:32 Farm
18:44 Farm
21:08 Town Hall
23:24 Arcane Vault
25:04 Keep
26:27 Farm
27:25 Farm
28:26 Castle
28:29 Gryphon Aviary
29:29 Farm
Chat log
(00:25 / Allies) Jams: spoke too soon
(00:42 / Allies) Jams: or pinged too soon
(02:18 / Allies) Jams: whats the word team?
(04:10 / Allies) Jams: well that wasnt supposed to happen
(04:19 / Allies) Pqi: i lost anythuing
(04:26 / Allies) LEONARDO-DICAPR: so far the creeps are giving us a run for our money
(04:29 / Allies) Jams: yea fuck yo water eles
(05:14 / Allies) Jams: what units r u getting pink?
(05:25 / Allies) Pqi: foots to siege
(06:34 / Allies) Jams: brt
(07:02 / Allies) Jams: lets fuck with blue
(08:45 / All) Jams: see how i did that?
(08:52 / All) MrBaByZz: very nice ;)
(09:02 / All) Jams: lol
(09:30 / Allies) LEONARDO-DICAPR: wood
(09:57 / Allies) Jams: there gonna hit this
(10:51 / Allies) Jams: som1 help?
(11:01 / Allies) Pqi: i am rapping teal
(11:05 / Allies) Jams: good
(11:46 / Allies) LEONARDO-DICAPR: tp purpl lol
(13:32 / Allies) Pqi: good!
(14:21 / All) Pqi: go go go
(14:43 / Allies) blaise_g: help
(14:44 / Allies) blaise_g: go
(15:04 / Allies) Pqi: god
(15:06 / Allies) Pqi: that
(15:06 / Allies) Jams: theyre at my main
(15:07 / Allies) Pqi: dumb!
(15:45 / Allies) Jams: noone wants to help ?
(16:00 / Allies) Jams: there we go ty orange
(17:07 / Allies) Jams: thats what we call gg folks
(17:41 / All) grossesalope1: gg
(17:45 / Allies) Pqi: we win
(17:56 / Allies) Jams: idk polymorph
(18:31 / Allies) Jams: purp u has dispel?
(18:49 / Allies) Jams: they are headed to my base again
(21:46 / All) MrBaByZz: go
(23:11 / Allies) Jams: told u morph would be gay
(23:51 / All) krause08: gj purp
(23:55 / All) krause08: really did a number on me
(24:24 / Allies) Jams: lez go
(25:37 / Allies) Jams: meet up
(25:51 / Allies) Jams: hate maps with no marketplace
(25:54 / All) MrBaByZz: fight
(26:01 / Allies) Pqi: out
(26:02 / Allies) Pqi: out
(26:03 / Allies) Pqi: out
(26:17 / Allies) Pqi: you need feiries
(26:28 / Allies) Jams: puuurrprppp
(26:38 / Allies) blaise_g: 200gold
(26:40 / Allies) Jams: use dem wisps yo
(26:42 / Allies) Pqi: purple
(26:46 / Allies) Pqi: you fucked us
(27:15 / Allies) blaise_g: 200 gold
(29:38 / Allies) Pqi: wee nede some feiries
(30:02 / Allies) Pqi: main
(30:18 / Allies) LEONARDO-DICAPR: hippos or dhawks
(30:21 / Allies) blaise_g: 300 gold
(30:25 / Allies) Jams: dhawks
(32:07 / Allies) Pqi: how i saied
(32:11 / Allies) Pqi: we need feiries
(32:43 / Allies) LEONARDO-DICAPR: je[ tjat ;p
(32:59 / Allies) LEONARDO-DICAPR: won
(33:00 / Allies) LEONARDO-DICAPR: it lol
(33:06 / Allies) Jams: nice
(33:09 / Allies) Jams: that dude must suck
(33:24 / All) LEONARDO-DICAPR: worstly communicated game ever
(33:29 / All) LEONARDO-DICAPR: but
(33:30 / All) LEONARDO-DICAPR: fun
(34:13 / All) Pqi: its over
(34:18 / All) LEONARDO-DICAPR: this
(34:25 / All) LEONARDO-DICAPR: was hilariosu in more than one way
(35:34 / Allies) Jams: well there i went
(35:49 / Allies) Jams: fuck those hippos
(36:43 / Allies) Jams: expo pink
(36:49 / Allies) Pqi: i just need heroe
(36:53 / Allies) LEONARDO-DICAPR: its over
(36:57 / Allies) Pqi: i know
(37:02 / Allies) LEONARDO-DICAPR: when idiot teal lost his dhawks
(37:16 / Allies) Pqi: purple could let us loose this game
(37:32 / Allies) Pqi: gold
(37:34 / Allies) Pqi: for heroe
(37:40 / Allies) Pqi: tks
(38:19 / All) LEONARDO-DICAPR: time for fatboy to get serious
(39:09 / All) Jams: blue i wanna has your babyz
(39:26 / All) MrBaByZz: already spoken for mate
(39:38 / All) Jams: ill catch u on the rebound
(41:17 / All) Jams: NOOOTT THE OWNAGE
(43:07 / Allies) Pqi: we can loose
(43:18 / Allies) Pqi: god!
(43:19 / Allies) Pqi: lol
(43:22 / Allies) LEONARDO-DICAPR: GET READY to tp ll
(43:22 / Allies) Pqi: as always
(43:24 / Allies) Pqi: doing shit!
(43:42 / Allies) LEONARDO-DICAPR: tp
(47:52 / Allies) LEONARDO-DICAPR: help it?
(47:54 / Allies) LEONARDO-DICAPR: yellow isnt around
(48:56 / All) Pqi: go go go
(48:57 / Allies) Pqi: its over
(49:00 / Allies) Pqi: tks puyrple
(49:03 / Allies) Pqi: ded shit all game
(49:11 / All) LEONARDO-DICAPR: god
(49:25 / All) EvilTroyAndAbed: gg